 Dungeon Crawl Stone Soup version 0.30-a0-1124-g6e8f0f562f (webtiles) character file.

Game seed: 12658745995456927625

24558 dracfodder the Destroyer (level 12, -4/85 (88) HPs)
             Began as a Red Draconian Conjurer on Apr 21, 2023.
             Was an Elder of Vehumet.
             Slain by a komodo dragon (8 damage)
             ... on level 3 of the Lair of Beasts on Apr 23, 2023.
             The game lasted 02:35:26 (19025 turns).

dracfodder the Destroyer (Red Draconian Conjurer)  Turns: 19025, Time: 02:35:27

HP:   -4/85 (88)    AC: 17    Str: 11    XL:     12   Next: 81%
MP:   7/26          EV: 12    Int: 28    God:    Vehumet [****..]
Gold: 862           SH:  0    Dex:  9    Spells: 1/32 levels left

rFire   + . .        e - staff of conjuration "Popits" {rN+}
rCold   . . .        (no shield)
rNeg    + . .        (body armour unavailable)
rPois   +            s - +2 hat
rElec   .            o - +1 cloak
rCorr   .            b - +1 pair of gloves of Spite {Int+5}
SInv    .            G - +2 pair of boots of a Gauntlet {Harm rPois}
Will    +....        g - amulet of regeneration
Stlth   ++           d - ring of willpower
HPRegen 1.14/turn    l - ring of wizardry
MPRegen 0.20/turn

%: harm (+30% outgoing, +20% incoming), wizardry (x1)
@: on berserk cooldown, hasted and slowed, lightly drained
A: breathe fire, AC +8, unfitting armour, fire resistance 1, cold-blooded,
stinger 1, mutation resistance 1
a: Breathe Fire, Renounce Religion


You were on level 3 of the Lair of Beasts.
You worshipped Vehumet.
Vehumet was greatly pleased with you.
You visited 4 branches of the dungeon, and saw 17 of its levels.

You collected 862 gold pieces.

Inventory:

Hand Weapons
 c - a +3 flail of venom
Armour
 b - the +1 pair of gloves of Spite (worn) {Int+5}
   (You acquired it on level 2 of the Dungeon)

   Int:       It affects your intelligence (+5).
 o - a +1 cloak (worn)
 s - a +2 hat (worn)
 G - the +2 pair of boots of a Gauntlet (worn) {Harm rPois}
   (You found it on level 12 of the Dungeon)

   rPois:     It protects you from poison.
   Harm:      It increases damage dealt and taken.
Magical Staves
 e - the staff of conjuration "Popits" (weapon) {rN+}
   (You acquired it on level 2 of the Dungeon)

   [staff of conjuration]

   Base accuracy: +5 Base damage: 5 Base attack delay: 1.2 This weapon's minimum
   attack delay (0.6) is reached at skill level 12.
   rN:        It protects you from negative energy.
   It falls into the 'Staves' category.
   It is a one-handed weapon.
Jewellery
 d - a ring of willpower (left hand)
 g - an amulet of regeneration (around neck)
 l - a ring of wizardry (right hand)
 y - a ring of protection from cold
 A - a ring of positive energy
 B - a ring of positive energy
 D - a ring of see invisible
Wands
 q - a wand of digging (12)
 w - a wand of polymorph (13)
Scrolls
 a - a scroll of amnesia
 f - 4 scrolls of identify
 j - 3 scrolls of teleportation
 n - a scroll of magic mapping
 t - 2 scrolls of fear
 v - a scroll of poison
 C - 3 scrolls of fog
 E - a scroll of butterflies
Potions
 h - 2 potions of brilliance
 i - 7 potions of curing
 k - 2 potions of mutation
 m - 2 potions of flight
 p - 8 potions of lignification
 r - a potion of berserk rage
 x - a potion of resistance
 z - a potion of haste
 F - a potion of heal wounds


   Skills:
 + Level 2.8 Fighting
 + Level 1.0(2.1) Maces & Flails
 + Level 2.8(3.0) Staves
 + Level 3.9 Dodging
 + Level 4.8 Stealth
 + Level 10.5 Spellcasting
 * Level 12.8 Conjurations
 + Level 2.4 Hexes
 + Level 5.2 Air Magic
 + Level 3.6 Earth Magic
 + Level 4.1 Poison Magic
 * Level 9.0 Evocations


You had one spell level left.
You knew the following spells:

 Your Spells              Type           Power      Damage    Failure   Level
a - Magic Dart            Conj           100%       1d8       0%          1
b - Searing Ray           Conj           100%       2d8       1%          2
c - Mephitic Cloud        Conj/Pois/Air  71%        N/A       1%          3
d - Dazzling Flash        Conj/Hex       100%       N/A       1%          3
e - Poisonous Vapours     Pois/Air       82%        N/A       1%          2
f - Fulminant Prism       Conj/Hex       36%        3d17      1%          4
g - Iskenderun's Battles  Conj           92%        2d14      1%          5
h - Freezing Cloud        Conj/Ice/Air   32%        6-21      1%          5
i - Conjure Ball Lightni  Conj/Air       39%        3x3d13    1%          6

Your spell library contained the following spells:

 Spells                   Type           Power      Damage    Failure   Level
 Sticky Flame             Conj/Fire      66%        2d8       1%          4
 Apportation              Tloc           28%        N/A       1%          1
 Necrotise                Necr           56%        1d6       1%          1
 Sandblast                Erth           70%        2d15      1%          1
 Slow                     Hex            100%       N/A       1%          1
 Summon Small Mammal      Summ           56%        N/A       1%          1
 Ensorcelled Hibernation  Hex/Ice        42%        N/A       1%          2
 Passwall                 Tmut/Erth      20%        N/A       1%          2
 Confusing Touch          Hex            28%        N/A       1%          3
 Swiftness                Air            44%        N/A       1%          3
 Vhi's Electric Charge    Tloc/Air       58%        N/A       1%          3
 Iskenderun's Mystic Bla  Conj/Tloc      66%        2d14      1%          4
 Arcjolt                  Conj/Air       39%        1d49      1%          5
 Fireball                 Conj/Fire      33%        3d14      1%          5
 Orb of Destruction       Conj           46%        9d12      1%          7
 Vampiric Draining        Necr           14%        2d7       4%          3
 Alistair's Intoxication  Tmut/Pois      17%        N/A       17%         5
 Maxwell's Capacitive Co  Air            22%        ∞         90%         8


Dungeon Overview and Level Annotations

Branches:
Dungeon (12/15)            Temple (1/1) D:7            Lair (3/5) D:9
  Swamp (0/4) Lair:3        Snake (1/4) Lair:2
    Orc: D:9-12

Altars:
Ashenzari
Cheibriados
Dithmenos
Elyvilon
Fedhas
Gozag
Hepliaklqana
Kikubaaqudgha
Makhleb
Nemelex Xobeh
Okawaru
Qazlal
Ru
Sif Muna
Trog
Uskayaw
Vehumet
Wu Jian
Xom
Yredelemnul
Zin
The Shining One

Shops:
D:3 (   D:6 !


Innate Abilities, Weirdness & Mutations

You can breathe blasts of fire.
Your fiery red scales are hard. (AC +8)
You cannot fit into any form of body armour.
Your flesh is heat resistant. (rF+)
You are cold-blooded and may be slowed by cold attacks.
Your tail ends in a venomous barb.
You are somewhat resistant to further mutation.


Message History

You completely miss the hell rat.
The hell rat is severely wounded.
The polar bear growls angrily.
The hell rat misses you.
You hit the hell rat.
You blast the hell rat!
You kill the hell rat!
Vehumet accepts your kill.
You feel your power returning.
You see here a hell rat corpse.
You feel a strong urge to attack something.
A komodo dragon comes into view.
You are no longer berserk.
You are exhausted.
You feel yourself slow down.
The komodo dragon hisses angrily.
The polar bear closely misses you. The polar bear barely misses you.
The polar bear claws you but does no damage.
The polar bear attacks as you move away!
The polar bear bites you but does no damage.
The polar bear barely misses you. The polar bear misses you.
Found a runed dagger.
The polar bear attacks as you move away!
The polar bear bites you!
The polar bear claws you but does no damage.
The polar bear barely misses you.
Found a scroll of enchant armour.
The polar bear bites you!
* * * LOW HITPOINT WARNING * * *
The polar bear claws you but does no damage. x2
You feel yourself speed up. The polar bear barely misses you.
The polar bear closely misses you. The polar bear barely misses you.
The komodo dragon bites you!
* * * LOW HITPOINT WARNING * * *
The polar bear attacks as you move away!
The polar bear bites you.
* * * LOW HITPOINT WARNING * * *
The polar bear barely misses you. The polar bear claws you.
* * * LOW HITPOINT WARNING * * *
The komodo dragon attacks as you move away!
The komodo dragon bites you!
You die...

..###.. ......
....... ###.>...
....###.....#
#..##..# .#.
#......#...
#....#......#
..####.#†##.##...#
?..P....hl....#...#
.........@.....# .
...............#
.........†......#
..............###
...#..........#
......#.....###
.........##
..........


You could see a polar bear and a komodo dragon.

Vanquished Creatures
  A hydra (Lair:2)
  Erolcha (D:9)
  A naga warrior (Snake:1)
  A death yak (Lair:3)
  Pikel (D:8)
  A deep elf pyromancer (D:12)
  A manticore (D:11)
  2 black mambas
  A gargoyle (D:11)
  3 cane toads
  A rime drake (Lair:1)
  A kobold demonologist (D:12)
  5 komodo dragons (Lair:1)
  A troll (D:12)
  A polar bear (Lair:1)
  A hornet (Lair:2)
  7 blink frogs
  Sigmund (D:3)
  6 slime creatures (D:12)
  2 vampires
  A shadow (D:12)
  36 yaks
  A wraith (D:10)
  3 wyverns
  Menkaure (D:4)
  Edmund (D:5)
  13 water moccasins
  3 ice beasts
  2 orc warriors
  A black bear (Lair:1)
  An ogre (D:6)
  15 wolves
  7 centaurs
  2 phantoms (D:6)
  A lemure (D:9)
  3 kobold brigands
  11 bullfrogs
  6 scorpions
  8 wights
  A water moccasin skeleton (D:4)
  11 killer bees
  2 howler monkeys
  5 hounds
  3 orc priests
  A gnoll bouda (D:6)
  3 jellies
  A sleepcap (D:6)
  Crazy Yiuf (D:3)
  Terence (D:3)
  Natasha (twice) (D:3)
  6 iguanas
  12 orc wizards
  18 hell rats
  2 human simulacra (D:12)
  A hound skeleton (D:4)
  10 gnolls
  15 adders
  A shadow imp (D:4)
  2 white imps
  An adder zombie (D:4)
  2 worms
  2 dart slugs
  30 orcs
  6 ball pythons
  11 bats
  10 endoplasms
  7 giant cockroaches
  12 goblins
  6 hobgoblins
  3 jackals (D:4)
  A quokka (D:3)
  3 frilled lizards
  17 kobolds
  5 rats
369 creatures vanquished.

Vanquished Creatures (collateral kills)
  A ball lightning (Lair:1)
1 creature vanquished.

Vanquished Creatures (others)
  12 ball lightnings
  4 bushes (D:9)
  28 fulminant prisms
  18 fungi
  36 plants
98 creatures vanquished.

Grand Total: 468 creatures vanquished

Notes
Turn   | Place    | Note
-------+----------+-------------------------------------------
     0 | D:1      | dracfodder the Draconian Conjurer began the quest for the
                  | Orb.
     0 | D:1      | Reached XP level 1. HP: 14/14 MP: 3/3
   163 | D:1      | Reached XP level 2. HP: 20/20 MP: 0/5
   671 | D:1      | Reached XP level 3. HP: 26/26 MP: 0/6
   674 | D:1      | Learned a level 2 spell: Searing Ray
   678 | D:1      | Learned a level 3 spell: Mephitic Cloud
  1224 | D:2      | Identified 2 scrolls of acquirement
  1224 | D:2      | Acquired the +1 pair of gloves of Spite {Int+5}
  1230 | D:2      | Acquired the staff of conjuration "Popits" {rN+}
  1302 | D:2      | Reached skill level 1 in Maces & Flails
  1468 | D:2      | Reached XP level 4. HP: 33/33 MP: 5/7
  1993 | D:2      | Reached skill level 5 in Conjurations
  2104 | D:3      | Noticed Terence
  2117 | D:3      | Killed Terence
  2334 | D:3      | Noticed Natasha
  2338 | D:3      | Killed Natasha
  2339 | D:3      | Reached XP level 5. HP: 37/38 MP: 3/9
  2567 | D:3      | Noticed Sigmund
  2571 | D:3      | Gained mutation: Your tail ends in a venomous barb. [potion
                  | of mutation]
  2571 | D:3      | Gained mutation: You are somewhat resistant to further
                  | mutation. [potion of mutation]
  2586 | D:3      | Killed Sigmund
  2587 | D:3      | Reached skill level 1 in Evocations
  2587 | D:3      | Reached XP level 6. HP: 43/46 MP: 3/10
  2656 | D:3      | Found Roecw's Antique Weapon Shoppe.
  2747 | D:3      | Learned a level 3 spell: Dazzling Flash
  2947 | D:3      | Reached skill level 6 in Conjurations
  2948 | D:3      | Noticed Natasha
  2953 | D:3      | Killed Natasha
  3084 | D:3      | Found a runed translucent door.
  3085 | D:3      | Noticed Crazy Yiuf
  3296 | D:3      | Killed Crazy Yiuf
  3944 | D:4      | Found a basalt altar of Yredelemnul.
  3944 | D:4      | Noticed Menkaure
  3946 | D:4      | Found a transporter.
  3954 | D:4      | Your scales start taking on a fiery red colour.
  3954 | D:4      | Reached XP level 7. HP: 51/51 MP: 4/11
  3954 | D:4      | Gained mutation: Your flesh is heat resistant. (rF+) [Red
                  | Draconian growth]
  4070 | D:4      | Found a transporter.
  4133 | D:4      | Found an ancient bone altar of Kikubaaqudgha.
  4142 | D:4      | Reached skill level 1 in Air Magic
  4613 | D:4      | Learned a level 2 spell: Poisonous Vapours
  5009 | D:4      | Reached skill level 7 in Conjurations
  5660 | D:5      | Entered Level 5 of the Dungeon
  5919 | D:5      | Found a hazy altar of Hepliaklqana.
  6482 | D:5      | Reached XP level 8. HP: 58/58 MP: 8/14
  6535 | D:5      | Reached skill level 1 in Poison Magic
  6846 | D:5      | Noticed Edmund
  6905 | D:5      | Killed Edmund
  7377 | D:5      | Reached skill level 1 in Staves
  7616 | D:5      | Learned a level 4 spell: Fulminant Prism
  7658 | D:6      | Reached skill level 5 in Spellcasting
  7658 | D:6      | Reached skill level 8 in Conjurations
  7937 | D:6      | Found Maemeuxei's Distillery.
  8054 | D:6      | Reached XP level 9. HP: 63/63 MP: 1/16
  8089 | D:6      | Reached skill level 1 in Fighting
  8570 | D:4      | Killed Menkaure
  8599 | D:4      | Identified the ring of Intatynu {rC+ Int+3}
  9066 | D:7      | Reached skill level 9 in Conjurations
  9142 | D:7      | Acquired a book of the Spheres
  9218 | D:7      | Found a staircase to the Ecumenical Temple.
  9663 | D:7      | Found a sacrificial altar of Ru.
  9844 | Temple   | Entered the Ecumenical Temple
  9938 | Temple   | Became a worshipper of Vehumet
 10049 | D:8      | Reached skill level 1 in Hexes
 10281 | D:8      | Reached skill level 5 in Evocations
 10620 | D:8      | Reached XP level 10. HP: 68/72 MP: 1/19
 10751 | D:7      | Reached * piety under Vehumet
 10751 | D:7      | Offered knowledge of Sandblast by Vehumet.
 10770 | D:7      | Learned a level 5 spell: Iskenderun's Battlesphere
 11100 | D:8      | Found a white marble altar of Elyvilon.
 11359 | D:8      | Learned a level 1 spell: Sandblast
 11374 | D:9      | Noticed Pikel
 11399 | D:8      | Killed Pikel
 11468 | D:9      | Found a snail-covered altar of Cheibriados.
 11659 | D:9      | Upgraded the game from 0.30-a0-1116-gebefce21f7 to
                  | 0.30-a0-1123-gabc949cf19
 11889 | D:9      | Noticed Erolcha
 11892 | D:9      | Killed Erolcha
 11893 | D:9      | Reached skill level 10 in Conjurations
 11893 | D:9      | Reached skill level 1 in Earth Magic
 11907 | D:9      | Found a staircase to the Lair.
 12704 | D:9      | Offered knowledge of Static Discharge by Vehumet.
 12868 | D:9      | Reached ** piety under Vehumet
 12957 | D:9      | Upgraded the game from 0.30-a0-1123-gabc949cf19 to
                  | 0.30-a0-1124-g6e8f0f562f
 12960 | Lair:1   | Entered Level 1 of the Lair of Beasts
 12971 | Lair:1   | Reached XP level 11. HP: 39/79 MP: 11/23
 13464 | Lair:1   | Reached skill level 11 in Conjurations
 13676 | Lair:1   | Learned a level 6 spell: Conjure Ball Lightning
 14070 | Lair:1   | Offered knowledge of Stone Arrow by Vehumet.
 14459 | Lair:1   | Found a broken altar of Ashenzari.
 15303 | Lair:2   | Reached *** piety under Vehumet
 15307 | Lair:2   | Reached XP level 12. HP: 69/88 MP: 5/25
 15343 | Lair:2   | Noticed a four-headed hydra
 15529 | Lair:2   | Killed a four-headed hydra
 15530 | Lair:2   | Reached skill level 12 in Conjurations
 15580 | Lair:2   | Offered knowledge of Inner Flame by Vehumet.
 16046 | Lair:2   | Identified the +1 helmet of Giuvixaf {rN+ Int-2 Dex+3}
 16089 | Lair:2   | Found a staircase to the Snake Pit.
 16473 | Lair:2   | Identified the +0 trident of Ihoedas {vamp, rC+ Int+3 SInv}
 16960 | D:10     | Entered Level 10 of the Dungeon
 17180 | D:10     | Reached **** piety under Vehumet
 17375 | D:10     | You fall into a shaft and drop 2 floors!
 17394 | D:12     | Identified the +2 pair of boots of a Gauntlet {Harm rPois}
 17414 | D:12     | Identified the +4 ring mail of the Sailor {rElec Int+3}
 17630 | D:12     | Noticed a boulder beetle
 17795 | D:12     | Offered knowledge of Sticky Flame by Vehumet.
 17796 | D:12     | Reached skill level 10 in Spellcasting
 17850 | D:12     | Learned a level 5 spell: Freezing Cloud
 17900 | D:12     | Identified the +0 chain mail of Damp {Int+3}
 18079 | D:12     | Noticed a rakshasa
 18423 | D:10     | Found an opulent altar of Gozag.
 18423 | D:10     | Found a sparkling altar of Nemelex Xobeh.
 18697 | Snake:1  | Entered Level 1 of the Snake Pit
 18697 | Snake:1  | Noticed a naga warrior
 18702 | Snake:1  | Killed a naga warrior
 18703 | Snake:1  | Reached skill level 5 in Air Magic
 18765 | Lair:3   | Found a staircase to the Swamp.
 18966 | Lair:3   | Noticed a death yak
 18967 | Lair:3   | Noticed a death yak
 18967 | Lair:3   | Noticed a death yak
 18971 | Lair:3   | Noticed a death yak
 18975 | Lair:3   | Killed a death yak
 19024 | Lair:3   | HP: 3/85 [polar bear (4)]
 19025 | Lair:3   | Slain by a komodo dragon

Illustrated notes

Levels and vault maps discovered:
D:1:      dpeg_arrival_shelter, layout_rooms
D:2:      layout_loops_ring, minmay_quantized
D:3:      layout_rooms, serial_shops, shop, lemuel_flame_loot_1,
          uniq_crazy_yiuf_cottage, uniq_natasha, uniq_terence, uniq_sigmund
D:4:      minmay_skewed_foursquare, layout_layer_cave,
          gammafunk_temple_of_torment, minivault_23
D:5:      layout_basic, mainiacjoe_overflow_six_doors_small,
          nicolae_concentric_dashed_squares_wild, uniq_edmund
D:6:      layout_basic, serial_shops, nicolae_shop_window_shopping,
          due_unseen_surprise
D:7:      layout_rooms, hangedman_ru_absence, minmay_temple_entry_metal_lava
D:8:      layout_basic, mainiacjoe_overflow_surrounded_room
D:9:      layout_roguey, cheibriados_altar_1, minmay_lair_entry_grove,
          uniq_pikel, uniq_erolcha
D:10:     layout_roguey, grunt_temple_overflow_opulence
D:11:     layout_cave_pools, minmay_orc_entry_temple_small,
          minmay_ruined_shrine, uniq_harold, uniq_fannar
D:12:     layout_gridville, bh_circular_ruins
Temple:   nicolae_temple_great_sept
Lair:1:   layout_long_grid, dreamdust_mushroom_princess, lemuel_centaur_altar
Lair:2:   layout_chaotic_city, dummy_snake_entry, cheibrodos_lair_reptile_den,
          infiniplex_staircase_pool_2, grunt_megastairs_2, serial_bayou_shore_a,
          lemuel_fruit_tree
Lair:3:   layout_gridlike, swamp_mist, gammafunk_ghost_icy,
          serial_bayou_shore_b, grunt_megastairs_4
Snake:1:  layout_grid_maze, minmay_shop_enchanted_jewellery, uniq_louise

Skill      XL: |  1  2  3  4  5  6  7  8  9 10 11 12 |
---------------+-------------------------------------+-----
Stealth        | 2 3 4 |  4.8
Maces & Flails | 1 |  1.0
Conjurations   | 5 6 7 8 9 10 11 12 | 12.8
Dodging        | 2 3 |  3.9
Spellcasting   | 3 4 5 6 8 9 10 | 10.5
Evocations     | 1 2 3 5 6 7 9 |  9.0
Air Magic      | 1 2 3 4 5 |  5.2
Poison Magic   | 1 2 3 4 |  4.1
Staves         | 1 2 |  2.8
Fighting       | 1 2 |  2.8
Hexes          | 1 2 |  2.4
Earth Magic    | 2 3 |  3.6

Action                     |  1- 3 |  4- 6 |  7- 9 | 10-12 || total
---------------------------+-------+-------+-------+-------++-------
  Melee: Club              |    33 |       |       |       ||    33
         Unarmed           |     1 |       |       |       ||     1
         Tailslap          |     1 |     1 |     5 |    10 ||    17
         Punch             |     1 |       |     1 |       ||     2
         Staff             |     3 |     9 |    87 |    62 ||   161
   Cast: Magic Dart        |    71 |    61 |    91 |   143 ||   366
         Searing Ray       |     3 |    13 |    46 |    58 ||   120
         Mephitic Cloud    |     2 |     6 |    11 |    18 ||    37
         Dazzling Flash    |       |     1 |     3 |       ||     4
         Poisonous Vapours |       |       |    47 |    24 ||    71
         Fulminant Prism   |       |       |    16 |    12 ||    28
         Sandblast         |       |       |       |    36 ||    36
         Iskenderun's Batt |       |       |       |    48 ||    48
         Conjure Ball Ligh |       |       |       |     5 ||     5
         Freezing Cloud    |       |       |       |     3 ||     3
Ability: Breathe Fire      |       |       |     4 |     1 ||     5
  Evoke: Wand              |       |       |       |    16 ||    16
    Use: Scroll            |     5 |     3 |    11 |    13 ||    32
         Potion            |       |     6 |     1 |    10 ||    17
   Stab: Confused          |       |     1 |     3 |     2 ||     6
         Invisible         |       |       |     1 |       ||     1
 Armour: Skin              |    15 |    11 |    69 |   123 ||   218
  Dodge: Dodged            |    27 |    20 |    98 |   152 ||   297

Table legend: (Time is in decaauts)
 A = Elapsed time spent in this place.
 B = Non-inter-level travel time spent in this place.
 C = Inter-level travel time spent in this place.
 D = Time resting spent in this place.
 E = Time spent auto-exploring this place.
 F = Levels seen in this place.
 G = Mean time per level.
                   A        B        C        D        E       F      G
               +--------+--------+--------+--------+--------+-----+--------+
         Total |  19095 |  18162 |    933 |   7360 |   7409 |  17 | 1123.2 |
       Dungeon |  15211 |  14522 |    689 |   5786 |   6127 |  12 | 1267.6 |
        Temple |    113 |     81 |     32 |      0 |     60 |   1 |  113.0 |
          Lair |   3764 |   3553 |    211 |   1574 |   1222 |   3 | 1254.7 |
     Snake Pit |      6 |      6 |      0 |      0 |      0 |   1 |    6.0 |
               +--------+--------+--------+--------+--------+-----+--------+

Top non-repeatable levels by time:
     D:4: 2330 daAuts
  Lair:1: 2199 daAuts
     D:5: 2081 daAuts
     D:9: 1978 daAuts
     D:7: 1615 daAuts
  Lair:2: 1284 daAuts
     D:3: 1251 daAuts
     D:1: 1143 daAuts
     D:8: 1089 daAuts
     D:6: 1036 daAuts
     D:2: 1029 daAuts
    D:10: 878 daAuts
    D:12: 748 daAuts
  Lair:3: 279 daAuts
  Temple: 113 daAuts
